 Dungeon Crawl Stone Soup version 0.30-a0-210-g01b79a254e (webtiles) character file.

Game seed: 2592417043307274355

5777 snetch the Basher (level 10, -10/132 HPs)
             Began as a Minotaur Berserker on Oct 4, 2022.
             Was a High Priest of Trog.
             Mangled by Gastronok (19 damage)
             ... on level 8 of the Dungeon.
             The game lasted 00:16:46 (6712 turns).

snetch the Basher (Minotaur Berserker)              Turns: 6712, Time: 00:16:47

Health: -10/132    AC: 15    Str: 25    XL:     10   Next: 50%
Magic:  9/9        EV:  9    Int:  4    God:    Trog [*****.]
Gold:   588        SH: 10    Dex: 11    Spells: 9/9 levels left

rFire   . . .      SeeInvis .    a - +0 war axe
rCold   . . .      Faith    +    l - +0 kite shield
rNeg    . . .      Spirit   .    O - +0 chain mail
rPois   .          Reflect  .    (helmet restricted)
rElec   .          Harm     .    (no cloak)
rCorr   .          Rampage  .    (no gloves)
Will    .....                    C - +0 pair of boots
Stlth   ..........               f - amulet of faith
HPRegen 0.42/turn                i - +4 ring of protection
MPRegen 0.11/turn                (no ring)

@: berserking, very quick
A: horns 2, retaliatory headbutt
a: Renounce Religion, Berserk, Trog's Hand, Brothers in Arms


You were on level 8 of the Dungeon.
You worshipped Trog.
Trog was extremely pleased with you.
You visited 2 branches of the dungeon, and saw 10 of its levels.
You also visited: Ossuary.

You collected 588 gold pieces.

Inventory:

Hand Weapons
 a - a +0 war axe (weapon)
 b - a +2 whip of flaming
 c - a +0 trident
 r - the +6 rapier of Makhleb {vorpal, Int+4}
   (You found it on level 8 of the Dungeon)

   It inflicts extra damage upon your enemies.
   Int:       It affects your intelligence (+4).
 K - a +0 whip of freezing
Missiles
 e - 69 stones (quivered)
 q - 6 javelins
 v - 5 poisoned darts
 z - a throwing net
 L - a curare-tipped dart
Armour
 l - a +0 kite shield (worn)
 C - a +0 pair of boots (worn)
 O - a +0 chain mail (worn)
Jewellery
 f - an amulet of faith (around neck)
 i - a +4 ring of protection (left hand)
Wands
 y - a wand of flame (43)
 N - a wand of paralysis (11)
 P - a wand of acid (6)
Scrolls
 d - a scroll of summoning {unknown}
 g - a scroll of torment {unknown}
 h - 2 scrolls of teleportation {unknown}
 k - 7 scrolls of identify {unknown}
 m - 3 scrolls of noise {unknown}
 n - a scroll of magic mapping {unknown}
 o - 2 scrolls of butterflies {unknown}
 p - 2 scrolls of amnesia {unknown}
 u - 4 scrolls of poison {unknown}
 w - 2 scrolls of immolation {unknown}
 x - 2 scrolls of enchant armour {unknown}
 A - a scroll of blinking {unknown}
 J - 2 scrolls of fear {unknown}
 M - 2 scrolls of acquirement {unknown}
 Q - a scroll of silence {unknown}
Potions
 j - 5 potions of heal wounds {unknown}
 s - 4 potions of haste {unknown}
 t - 9 potions of curing {unknown}
 B - 3 potions of flight {unknown}
 D - 2 potions of cancellation {unknown}
 E - a potion of brilliance {unknown}
 F - 2 potions of invisibility {unknown}
 G - 2 potions of magic {unknown}
 H - 2 potions of attraction {unknown}
 I - 2 potions of resistance {unknown}


   Skills:
 + Level 7.7 Fighting
 + Level 7.3(9.4) Axes
 + Level 9.1(10.2) Maces & Flails
 + Level 1.0 Throwing
 + Level 6.5 Armour
 + Level 7.8 Dodging
 + Level 0.9 Stealth
 + Level 8.8 Shields


You had 9 spell levels left.
You didn't know any spells.
Your spell library contained the following spells:

 Spells                   Type           Power      Damage    Failure   Level
 Ensorcelled Hibernation  Hex/Ice        0%         N/A       100%        2
 Passwall                 Tmut/Erth      0%         N/A       100%        2
 Sublimation of Blood     Necr           0%         N/A       100%        2
 Wereblood                Tmut           0%         N/A       100%        2
 Swiftness                Air            0%         N/A       100%        3
 Summon Hydra             Summ           0%         N/A       100%        7


Dungeon Overview and Level Annotations

Branches:
Dungeon (9/15)             Temple (1/1) D:4            Lair (0/5) D:9
Ossuary (visited)
    Orc: D:9-12

Altars:
Ashenzari
Cheibriados
Dithmenos
Elyvilon
Fedhas
Gozag
Hepliaklqana
Kikubaaqudgha
Makhleb
Nemelex Xobeh
Okawaru
Qazlal
Ru
Sif Muna
Trog
Uskayaw
Vehumet
Wu Jian
Xom
Yredelemnul
Zin
The Shining One

Annotations:
D:6 gold behind grate
D:8 Gastronok


Innate Abilities, Weirdness & Mutations

You have a pair of horns on your head.
You reflexively headbutt those who attack you in melee.


Message History

You hit the centaur.
You kill the centaur!
Trog accepts your kill.
You see here a +0 shortbow.
Found an encrusted silver wand.
HP restored.
y - a wand of flame (43) (gained 3 charges)
Found a stone staircase leading down.
P - a wand of acid (6)
You now have 588 gold pieces (gained 8).
Q - a scroll labelled OTUTRYMATU Gastronok the Ponderous comes into view.
Gastronok gurgles, "A snack!
A snack!"
There is a stone staircase leading down here.
Found a scroll labelled OGUNGIC ZYWK and 5 stones.
You hit Gastronok.
Gastronok is lightly wounded.
Gastronok casts a spell.
Gastronok puts on a burst of speed!
You hit Gastronok.
Gastronok is lightly wounded.
You slice Gastronok!!
Gastronok is lightly wounded.
Gastronok bites you!!
You hit Gastronok.
Gastronok is lightly wounded.
Gastronok waves his eye-stalks in wide circles.
The air twists around and strikes you!!
You slash Gastronok! You headbutt Gastronok.
Gastronok is moderately wounded.
You hit Gastronok but do no damage.
Gastronok is moderately wounded.
Gastronok bites you!!
* * * LOW HITPOINT WARNING * * *
A red film seems to cover your vision as you go berserk!
You feel yourself moving faster!
You feel mighty!
You slice Gastronok!! You headbutt Gastronok!
Gastronok is heavily wounded.
Gastronok bites you!!
You die...

##..###...............##
....................###
.....................##
..)...................#
.....................(##
........................
.....................?..
......................#
................@w....#
......................#
.............>........#
......................#
......................#
.....................##
..................####
######..########### #
...


You could see Gastronok (swift).

Vanquished Creatures
  Pikel (D:8)
  6 yaks
  A wyvern (D:7)
  5 steam dragons
  A water moccasin (D:5)
  An ice beast (D:7)
  An orc warrior (D:7)
  A black bear (D:3)
  4 sky beasts
  4 centaurs
  The ghost of Darkkill the Shooter, an amateur HuHu of Nemelex Xobeh (D:3)
  A lemure (D:8)
  5 phantoms
  2 kobold brigands (D:6)
  8 bullfrogs
  A gnoll sergeant (D:6)
  5 scorpions
  A necrophage (D:5)
  8 killer bees
  A howler monkey (D:7)
  2 hounds
  2 jellies
  An orc priest (D:3)
  4 orc wizards
  3 iguanas
  8 mummies (Ossuary)
  13 gnolls
  8 adders
  A white imp (D:6)
  2 ufetubi
  3 worms
  4 dart slugs
  16 orcs
  6 bats
  5 endoplasms
  3 giant cockroaches
  A gnoll zombie (Ossuary)
  4 goblins
  6 hobgoblins
  8 jackals
  13 kobolds
  4 quokkas
  12 ball pythons
  4 hobgoblin zombies (Ossuary)
  A kobold zombie (Ossuary)
  2 orc zombies (Ossuary)
  4 rats
198 creatures vanquished.

Vanquished Creatures (others)
  A plant (D:1)
1 creature vanquished.

Grand Total: 199 creatures vanquished

Notes
Turn   | Place    | Note
-------+----------+-------------------------------------------
     0 | D:1      | snetch the Minotaur Berserker began the quest for the Orb.
     0 | D:1      | Reached XP level 1. HP: 19/19 MP: 0/0
   121 | D:1      | Reached XP level 2. HP: 27/27 MP: 1/1
   379 | D:2      | Reached ** piety under Trog
   380 | D:2      | Reached XP level 3. HP: 28/33 MP: 2/2
  1027 | D:2      | Reached XP level 4. HP: 41/41 MP: 3/3
  1260 | D:2      | Found a faded altar of an unknown god.
  1516 | D:3      | Reached *** piety under Trog
  1589 | D:3      | Reached skill level 5 in Axes
  1589 | D:3      | Reached XP level 5. HP: 47/47 MP: 4/4
  1601 | D:3      | Noticed a black bear
  1608 | D:3      | Killed a black bear
  1609 | D:3      | Reached skill level 5 in Fighting
  1609 | D:3      | Reached skill level 1 in Shields
  1680 | D:3      | Reached XP level 6. HP: 43/56 MP: 5/5
  1776 | D:3      | Found a runed translucent door.
  1776 | D:3      | Noticed Darkkill's ghost (amateur HuHu)
  2145 | D:5      | Entered Level 5 of the Dungeon
  2223 | D:5      | Found a sand-covered staircase.
  2228 | Ossuary  | Entered an ossuary
  2266 | Ossuary  | Reached skill level 1 in Maces & Flails
  2266 | Ossuary  | Reached **** piety under Trog
  2411 | Ossuary  | Reached XP level 7. HP: 61/61 MP: 6/6
  2651 | D:3      | Killed Darkkill's ghost
  2652 | D:3      | Reached skill level 2 in Maces & Flails
  2793 | D:4      | Found a radiant altar of Vehumet.
  2839 | D:4      | Found a staircase to the Ecumenical Temple.
  2868 | Temple   | Entered the Ecumenical Temple
  3253 | D:5      | Reached skill level 3 in Maces & Flails
  3296 | D:5      | Reached skill level 4 in Maces & Flails
  3296 | D:5      | Reached skill level 5 in Armour
  3515 | D:5      | Reached XP level 8. HP: 69/70 MP: 7/7
  4052 | D:7      | Reached skill level 5 in Maces & Flails
  4258 | D:6      | Reached skill level 5 in Dodging
  4301 | D:7      | Reached skill level 6 in Maces & Flails
  4634 | D:6      | Found a glowing silver altar of Zin.
  4845 | D:6      | Reached skill level 5 in Shields
  4845 | D:6      | Reached XP level 9. HP: 70/78 MP: 8/8
  4965 | D:6      | Reached skill level 7 in Maces & Flails
  5148 | D:8      | Noticed Pikel
  5166 | D:7      | Reached ***** piety under Trog
  5167 | D:7      | Reached skill level 8 in Maces & Flails
  5167 | D:7      | Reached skill level 1 in Throwing
  5831 | D:7      | Reached XP level 10. HP: 28/86 MP: 9/9
  6169 | D:8      | Identified the +6 rapier of Makhleb {vorpal, Int+4}
  6220 | D:9      | Found a staircase to the Lair.
  6492 | D:8      | Found the +8 trident of the Octopus King {venom, rElec
                  | rPois}
  6510 | D:8      | Reached skill level 9 in Maces & Flails
  6515 | D:8      | Killed Pikel
  6700 | D:8      | Noticed Gastronok
  6712 | D:8      | Mangled by Gastronok

Illustrated notes

Levels and vault maps discovered:
D:1:      eino_arrival_water_cross, layout_rooms
D:2:      layout_basic, ebering_ecumenical_altar_box
D:3:      layout_basic, gammafunk_ghost_grave
D:4:      layout_cave_pools, nicolae_vehumet_radiance,
          minmay_temple_entry_gardened_gates
D:5:      layout_basic, nicolae_ossuary_entry_plus
D:6:      layout_basic, zin_treasury
D:7:      layout_cave_pods, minmay_joined_circles
D:8:      layout_layer_cave, minivault_25, uniq_gastronok, uniq_pikel
D:9:      layout_rooms, erik_lair_island
Temple:   nicolae_temple_bog_church

Skill      XL: |  1  2  3  4  5  6  7  8  9 10 |
---------------+-------------------------------+-----
Axes           | 4 5 6 7 |  7.3
Fighting       | 4 5 6 7 |  7.7
Armour         | 3 4 5 6 |  6.5
Dodging        | 3 4 5 7 |  7.8
Shields        | 1 2 3 5 7 8 |  8.8
Maces & Flails | 1 4 6 8 9 |  9.1
Throwing       | 1 |  1.0
Stealth        | |  0.9

Action                   |  1- 3 |  4- 6 |  7- 9 | 10-12 || total
-------------------------+-------+-------+-------+-------++-------
Melee: Hand axe          |    83 |   114 |       |       ||   197
       Headbutt          |    16 |    31 |    51 |    12 ||   110
       Punch             |     1 |       |       |       ||     1
       Whip              |       |    41 |   323 |    15 ||   379
       War axe           |       |       |       |    35 ||    35
Throw: Dart              |       |     5 |       |       ||     5
       Stone             |       |       |    10 |       ||    10
Invok: Trog's Hand       |       |     1 |     2 |     1 ||     4
       Berserk           |       |       |     3 |     2 ||     5
Armor: Leather armour    |    28 |       |       |       ||    28
       Ring mail         |     2 |    94 |    32 |       ||   128
       Troll leather arm |       |       |    76 |       ||    76
       Chain mail        |       |       |       |    27 ||    27
Dodge: Dodged            |    63 |    67 |   163 |    25 ||   318
Block: Kite shield       |    19 |    58 |   148 |    39 ||   264

Table legend: (Time is in decaauts)
 A = Elapsed time spent in this place.
 B = Non-inter-level travel time spent in this place.
 C = Inter-level travel time spent in this place.
 D = Time resting spent in this place.
 E = Time spent auto-exploring this place.
 F = Levels seen in this place.
 G = Mean time per level.
                   A        B        C        D        E       F      G
               +--------+--------+--------+--------+--------+-----+--------+
         Total |   6789 |   6402 |    387 |     24 |   4305 |  11 |  617.2 |
       Dungeon |   6263 |   5899 |    364 |     24 |   3931 |   9 |  695.9 |
        Temple |    200 |    177 |     23 |      0 |    147 |   1 |  200.0 |
       Ossuary |    326 |    326 |      0 |      0 |    227 |   1 |  326.0 |
               +--------+--------+--------+--------+--------+-----+--------+

Top non-repeatable levels by time:
     D:7: 1106 daAuts
     D:6: 1086 daAuts
     D:2: 857 daAuts
     D:5: 822 daAuts
     D:3: 807 daAuts
     D:8: 556 daAuts
     D:4: 521 daAuts
     D:1: 475 daAuts
 Ossuary: 326 daAuts
  Temple: 200 daAuts
     D:9: 30 daAuts
